 Dungeon Crawl Stone Soup version 0.30.1-9-gdf580d7c3d (webtiles) character file.

Game seed: 17955117594286131891

2398 lonewolfV2 the Trooper (level 9, -11/72 HPs)
             Began as a Demonspawn Fighter on Oct 23, 2023.
             Killed from afar by Dowan (22 damage)
             ... with a shard of ice
             ... on level 6 of the Dungeon.
             The game lasted 00:14:09 (6244 turns).

lonewolfV2 the Trooper (Demonspawn Fighter)         Turns: 6244, Time: 00:14:10

Health: -11/72     AC: 15    Str: 26    XL:     9   Next: 23%
Magic:  9/9        EV:  8    Int:  8    God:
Gold:   1051       SH:  6    Dex: 18    Spells: 8/8 levels left

rFire   . . .        a - +1 war axe (venom)
rCold   + . .        c - +0 buckler
rNeg    . . .        u - +0 chain mail
rPois   .            i - +0 helmet
rElec   .            (no cloak)
rCorr   .            g - +2 pair of gloves {hurl}
SInv    .            (boots unavailable)
Will    .....        v - amulet of the acrobat Stlth
                     k - +6 ring of dexterity
HPRegen 0.32/turn    l - ring of Gin and Tonic {+Blink rC+ Str+5 Int-2 Stlth+}
MPRegen 0.11/turn

%: acrobat
@: no status effects
A: hooves 3, demonic magic 2
a: Evoke Blink


You were on level 6 of the Dungeon.
You visited 1 branch of the dungeon, and saw 6 of its levels.

You collected 1051 gold pieces.

Inventory:

Hand Weapons
 a - a +1 war axe of venom (weapon)
Armour
 c - a +0 buckler (worn)
 g - a +2 pair of gloves of hurling (worn)
 i - a +0 helmet (worn)
 u - a +0 chain mail (worn)
Jewellery
 j - a +4 ring of slaying
 k - a +6 ring of dexterity (left hand)
 l - the ring of Gin and Tonic (right hand) {+Blink rC+ Str+5 Int-2 Stlth+}
   (You found it on level 2 of the Dungeon)

   [ring of protection from cold]

   Str:       It affects your strength (+5).
   Int:       It affects your intelligence (-2).
   rC:        It protects you from cold.
   +Blink:    It lets you blink.
   Stlth:     It makes you more stealthy.
 v - an amulet of the acrobat (around neck)
Wands
 e - a wand of roots (10)
 n - a wand of light (7)
 s - a wand of paralysis (5)
Scrolls
 b - a scroll of silence {unknown}
 q - a scroll of fog
 r - 2 scrolls of amnesia
Potions
 d - 2 potions of might
 f - a potion of cancellation
 h - a potion of magic
 m - a potion of mutation
 o - a potion of flight
 p - 2 potions of curing
 t - 2 potions of invisibility {unknown}
 w - a potion of brilliance {unknown}
 x - a potion of resistance {unknown}


   Skills:
 + Level 7.3 Fighting
 - Level 1.7 Axes
 + Level 7.3 Armour
 + Level 7.3 Shields


You had 8 spell levels left.
You didn't know any spells.
Your spell library contained the following spells:

 Spells                   Type           Power      Damage    Failure   Level
 Ensorcelled Hibernation  Hex/Ice        0%         N/A       97%         2
 Passwall                 Tmut/Erth      0%         N/A       97%         2
 Sublimation of Blood     Necr           0%         N/A       97%         2
 Wereblood                Tmut           0%         N/A       97%         2
 Ozocubu's Armour         Ice            0%         N/A       100%        3
 Swiftness                Air            0%         N/A       100%        3
 Ozocubu's Refrigeration  Ice            0%         4d7       100%        7
 Summon Hydra             Summ           0%         N/A       100%        7


Dungeon Overview and Level Annotations

Branches:
Dungeon (6/15)
 Temple: D:4-7

Altars:
Ashenzari

Annotations:
D:3 2 transporters, arthad's ghost, amateur DEEE
D:6 Dowan


Innate Abilities, Weirdness & Mutations

You have hooves in place of feet.
Spells you cast may paralyse nearby enemies.


Message History

Dowan seems to find hidden reserves of power!
Dowan gestures at you while chanting. The shard of ice misses you.
Things that are here:
a +0 short sword; a +0 ring mail You barely miss Dowan.
Dowan hits you with a +0 dagger.
Dowan mumbles some strange words.
Dowan blinks!
Dowan casts a spell at you. The shard of ice hits you!! You partially resist.
There is an open door here.
Dowan casts a spell at you. The stone arrow misses you.
Dowan mumbles some strange words.
Dowan blinks!
Dowan hits you but does no damage.
You hit Dowan but do no damage.
Dowan is poisoned.
Dowan casts a spell at you. The shard of ice hits you! You partially resist.
You block Dowan's attack. Dowan hits you with a +0 dagger.
You miss Dowan.
Dowan is lightly wounded.
Dowan hits you but does no damage. You block Dowan's attack.
You barely miss Dowan. Your kick misses Dowan.
Dowan is lightly wounded.
Dowan casts a spell at you. The shard of ice hits you! You partially resist.
Dowan gestures at you while chanting. The shard of ice hits you!
You partially resist.
* * * LOW HITPOINT WARNING * * *
You hit Dowan. Your kick misses Dowan.
Dowan is moderately wounded.
Dowan casts a spell at you. The shard of ice hits you! You partially resist.
* * * LOW HITPOINT WARNING * * *
Dowan hits you but does no damage.
You feel better. Dowan hits you but does no damage.
Dowan points at you and mumbles some strange words.
The shard of ice hits you!! You partially resist.
You die...

#^^....#.# #.#
#.........#.' ##..P^####
#.# #.........#.# ##P^.#
#.# #...........# #..##
#.# #......#..... ##.#
#.# #......#..... ###
#)# ##.....##...#
#######'### #......#...#
.......e..# #......##.##
.......@..# ####....#.#.
..........# ###.'####
............# ...###...#
..........#........#._.#
?.........###..).###...#
..........# .. .#####
.....^....# ....#.#.
###+####### ...[.##.#
..... ...


You could see Dowan (fast, poisoned).

Vanquished Creatures
  Sigmund (D:2)
  Duvessa (D:6)
  An ice beast (D:6)
  A black bear (D:6)
  2 ogres
  A phantom (D:5)
  7 scorpions
  11 killer bees (D:5)
  A howler monkey (D:4)
  4 jellies
  Crazy Yiuf (D:5)
  4 hounds
  3 orc priests (D:5)
  Jessica (D:2)
  6 iguanas
  5 gnolls
  4 adders
  A shadow imp (D:6)
  A white imp (D:5)
  2 ufetubi (D:5)
  2 worms
  2 dart slugs
  5 orcs
  5 ball pythons
  12 endoplasms
  3 giant cockroaches
  6 goblins
  8 hobgoblins
  13 kobolds
  4 quokkas
  13 bats
  3 frilled lizards
  6 rats
140 creatures vanquished.

Notes
Turn   | Place    | Note
-------+----------+-------------------------------------------
     0 | D:1      | lonewolfV2 the Demonspawn Fighter began the quest for the
                  | Orb.
     0 | D:1      | Reached XP level 1. HP: 18/18 MP: 1/1
    87 | D:1      | Gained mutation: Spells you cast may paralyse adjacent
                  | enemies. [demonic ancestry]
    87 | D:1      | Reached XP level 2. HP: 18/24 MP: 2/2
   703 | D:1      | Gained mutation: Spells you cast may paralyse nearby
                  | enemies. [demonic ancestry]
   703 | D:1      | Reached XP level 3. HP: 29/29 MP: 3/3
   981 | D:2      | Noticed Sigmund
   993 | D:2      | Killed Sigmund
   994 | D:2      | Reached XP level 4. HP: 11/35 MP: 4/4
   994 | D:2      | Gained mutation: You have large cloven feet. [demonic
                  | ancestry]
   994 | D:2      | Reached XP level 5. HP: 13/41 MP: 5/5
  1225 | D:2      | Noticed Jessica
  1246 | D:2      | Killed Jessica
  1957 | D:2      | Identified the ring of Gin and Tonic {+Blink rC+ Str+5
                  | Int-2 Stlth+}
  2279 | D:3      | Reached XP level 6. HP: 47/47 MP: 6/6
  2294 | D:3      | Found a transporter.
  2332 | D:3      | Found a transporter.
  2343 | D:3      | Noticed arthad's ghost (amateur DEEE)
  2883 | D:4      | Reached skill level 5 in Armour
  2883 | D:4      | Reached skill level 5 in Shields
  3388 | D:4      | Identified a scroll of acquirement
  3388 | D:4      | Acquired 789 gold pieces
  3394 | D:5      | Entered Level 5 of the Dungeon
  3448 | D:5      | Gained mutation: You have hoof-like feet. [demonic
                  | ancestry]
  3448 | D:5      | Reached XP level 7. HP: 44/53 MP: 7/7
  3922 | D:5      | Reached skill level 5 in Fighting
  3927 | D:5      | HP: 1/56 [orc priest/nerve-wracking pain (13)]
  3930 | D:5      | Gained mutation: You have hooves in place of feet. [demonic
                  | ancestry]
  3930 | D:5      | Reached XP level 8. HP: 3/63 MP: 8/8
  4709 | D:5      | Found a runed translucent door.
  4710 | D:5      | Noticed Crazy Yiuf
  5084 | D:5      | Killed Crazy Yiuf
  5371 | D:6      | Found a broken altar of Ashenzari.
  5539 | D:6      | Reached XP level 9. HP: 54/71 MP: 9/9
  6221 | D:6      | Noticed Duvessa
  6221 | D:6      | Noticed Dowan
  6232 | D:6      | Killed Duvessa
  6244 | D:6      | Killed from afar by Dowan

Illustrated notes

Levels and vault maps discovered:
D:1:      dpeg_arrival_houses_and_road, layout_loops_cross
D:2:      layout_basic, uniq_sigmund, uniq_jessica
D:3:      layout_basic, gammafunk_ghost_gnarly_gnolls, st_stairs_13,
          minmay_pentomino_pile
D:4:      layout_loops_ring, sigmund_army
D:5:      layout_basic, minmay_crossroads, uniq_crazy_yiuf_cottage
D:6:      old_forge, layout_basic, nicolae_ashenzari_panopticon, uniq_duvessa

Skill      XL: |  1  2  3  4  5  6  7  8  9 |
---------------+----------------------------+-----
Armour         | 3 4 5 7 |  7.3
Shields        | 3 4 5 7 |  7.3
Fighting       | 5 6 7 |  7.3
Axes           | |  1.7

Action                     |  1- 3 |  4- 6 |  7- 9 || total
---------------------------+-------+-------+-------++-------
  Melee: War axe           |    76 |   108 |   151 ||   335
         Kick              |       |    23 |    45 ||    68
  Evoke: Wand              |       |     1 |       ||     1
    Use: Scroll            |     3 |     8 |     5 ||    16
         Potion            |     1 |       |     5 ||     6
 Armour: Scale mail        |    50 |    44 |    53 ||   147
         Chain mail        |       |       |    36 ||    36
  Dodge: Dodged            |    47 |    74 |   100 ||   221
  Block: Buckler           |    24 |    24 |    64 ||   112
